 Dungeon Crawl Stone Soup version 0.21.1-1-g345015f (webtiles) character file.

245 tidbits the Insei (level 6, -1/47 HPs)
             Began as a Gnoll Transmuter on Mar 14, 2018.
             Slain by a hound (6 damage)
             ... on level 5 of the Dungeon.
             The game lasted 00:09:01 (1163 turns).

tidbits the Insei (Gnoll Transmuter)                Turns: 1163, Time: 00:09:02

Health: -1/47      AC:  2    Str: 13    XL:     6   Next: 10%
Magic:  13/13      EV: 24    Int: 17    God:
Gold:   97         SH:  0    Dex: 20    Spells: 7/15 levels left

rFire    . . .     SeeInvis .     - Unarmed
rCold    . . .     Gourm    .   (shield currently unavailable)
rNeg     . . .     Faith    .   (armour currently unavailable)
rPois    x         Spirit   .   (helmet currently unavailable)
rElec    .         Reflect  .   (cloak currently unavailable)
rCorr    .         Harm     .   (gloves currently unavailable)
MR       .....                  (boots currently unavailable)
Stlth    ++........             y - amulet of magic regeneration
HPRegen  0.15/turn              (no ring)
MPRegen  0.38/turn              (no ring)

@: spider-form
A: tiny, distributed training, strong nose
a: End Transformation


You were on level 5 of the Dungeon.
You were hungry.
You were a venomous arachnid creature.
You visited 1 branch of the dungeon, and saw 5 of its levels.

You collected 97 gold pieces.

Inventory:

Hand Weapons
 a - a +0 dagger of draining (melded)
   (You took it off a goblin on level 2 of the Dungeon)
 h - a +0 dagger
 m - a +1 hunting sling
 s - a +0 hunting sling
 x - a +4 hunting sling
Missiles
 f - 44 stones
 g - 14 bolts
 k - 5 javelins of returning (quivered)
 p - 11 tomahawks
 r - 26 arrows
Armour
 l - a +0 ring mail
 u - a cursed +0 shield
 B - a +0 robe (melded)
 C - a +0 cloak (melded)
Jewellery
 y - an amulet of magic regeneration (around neck)
   (You found it on level 3 of the Dungeon)
Scrolls
 e - a scroll of amnesia {unknown}
 i - 2 scrolls of teleportation
 o - 3 scrolls of remove curse
 q - a scroll of identify {unknown}
 t - 3 scrolls of fear {unknown}
Potions
 b - a potion of agility
 j - 2 potions of lignification {unknown}
 n - a potion of heal wounds {unknown}
 v - a potion of curing {unknown}
 w - a potion of flight {unknown}
Books
 d - a book of Changes

   Spells                             Type                      Level
   a - Beastly Appendage              Transmutation                1
   b - Sticks to Snakes               Transmutation                2
   c - Spider Form                    Transmutation/Poison         3
   d - Ice Form                       Ice/Transmutation            4
   e - Blade Hands                    Transmutation                5
 z - a book of Misfortune
   (You found it on level 4 of the Dungeon)

   Spells                             Type                      Level
   a - Confusing Touch                Hexes                        1
   b - Confuse                        Hexes                        3
   c - Gell's Gravitas                Translocation                3
   d - Petrify                        Transmutation/Earth          4
   e - Metabolic Englaciation         Hexes/Ice                    5
   f - Yara's Violent Unravelling     Hexes/Transmutation          5
 A - a book of Maledictions
   (You found it on level 4 of the Dungeon)

   Spells                             Type                      Level
   a - Corona                         Hexes                        1
   b - Ensorcelled Hibernation        Hexes/Ice                    2
   c - Confuse                        Hexes                        3
   d - Tukima's Dance                 Hexes                        3
   e - Dazzling Spray                 Conjuration/Hexes            3
Comestibles
 c - 5 rations


   Skills:
 + Level 3.1 Fighting
 + Level 1.7 Short Blades
 + Level 1.7 Long Blades
 + Level 1.7 Axes
 + Level 1.7 Maces & Flails
 + Level 1.7 Polearms
 + Level 1.7 Staves
 + Level 1.7 Slings
 + Level 1.7 Bows
 + Level 1.7 Crossbows
 + Level 1.7 Throwing
 + Level 1.7 Armour
 + Level 4.9 Dodging
 + Level 1.7 Stealth
 + Level 1.7 Shields
 + Level 6.7 Unarmed Combat
 + Level 5.3 Spellcasting
 + Level 1.3 Conjurations
 + Level 1.3 Hexes
 + Level 1.3 Charms
 + Level 1.3 Summonings
 + Level 1.3 Necromancy
 + Level 1.3 Translocations
 + Level 4.0 Transmutations
 + Level 1.3 Fire Magic
 + Level 1.3 Ice Magic
 + Level 1.3 Air Magic
 + Level 1.3 Earth Magic
 + Level 1.3 Poison Magic
 + Level 2.0 Invocations
 + Level 1.7 Evocations


You had 7 spell levels left.
You knew the following spells:

 Your Spells              Type           Power        Failure   Level  Hunger
a - Ensorcelled Hibernat  Hex/Ice        #.....       28%         2    #......
e - Beastly Appendage     Tmut           ###...       10%         1    None
k - Sticks to Snakes      Tmut           ###.....     13%         2    #......
p - Spider Form           Tmut/Pois      ##........   32%         3    ##.....


Dungeon Overview and Level Annotations

Branches:
Dungeon (5/15)
 Temple: D:4-7

Altars:
Ashenzari
Hepliaklqana
Makhleb
Qazlal
Ru
Xom


Innate Abilities, Weirdness & Mutations

Your experience applies equally to all skills.
((You have very sharp teeth.))
Your uncanny sense of smell can sniff out nearby items.


Message History

The orc is severely wounded.
You barely miss the orc.
The orc is severely wounded.
The orc hits you with a falchion.
* * * LOW HITPOINT WARNING * * *
You see here 13 gold pieces.
Unknown command.
You hit the orc.
The orc is poisoned.
The orc is almost dead.
You kill the orc!
Your Fighting skill increases to level 3!
An orc wizard comes into view. It is wielding a dagger.
Found 14 gold pieces.
Found a scroll of enchant weapon.
The orc wizard shouts!
There is a stone staircase leading up here.
You climb upwards.
Your transformation is almost over.
There is a stone staircase leading down here.
Unknown command.
You bite the ogre!
The ogre is poisoned.
The ogre is moderately wounded.
The ogre barely misses you.
You hit the ogre but do no damage.
The ogre looks as sick as possible!
The ogre is heavily wounded.
You are feeling hungry.
The ogre misses you.
You hit the ogre.
The ogre looks as sick as possible!
The ogre is almost dead.
You kill the ogre!
Your Transmutations skill increases to level 4!
Your Invocations skill increases to level 2!
You have reached level 6!
Your experience leads to an increase in your attributes!
Your base attributes are Str 13, Int 16, Dex 15.
Increase (S)trength, (I)ntelligence, or (D)exterity?
You feel clever.
Okay, then.
Adjust (i)tems, (s)pells, or (a)bilities?
Adjust which item? (? for menu, Esc to quit)
d - 5 rations Adjust to which letter? (? for menu, Esc to quit)
c - 5 rations;
d - a book of Changes
There is a stone staircase leading down here.
Found a stone staircase leading down.
Your transformation has ended.
Your +0 cloak unmelds from your body.
Your +0 robe unmelds from your body.
Found 24 stones.
Found a papyrus book.
You see here a book of Maledictions.
A - a book of Maledictions Memorise Ensorcelled Hibernation, consuming 2 spell levels and leaving 7?
You start memorising the spell.
You continue memorising. x2
You finish memorising.
Spell assigned to 'a'.
Wield which item (- for none, * to show all)? (? for menu, Esc to quit)
You sense an unholy aura.
r - a +0 dagger of draining (weapon)
Adjust (i)tems, (s)pells, or (a)bilities?
Adjust which item? (? for menu, Esc to quit)
r - a +0 dagger of draining (weapon)
Adjust to which letter? (? for menu, Esc to quit)
a - a +0 dagger of draining (weapon);
r - 26 arrows
Found 7 gold pieces.
The ogre shouts!
You hear a bark!
You see here 7 gold pieces.
Casting: Spider Form
Confirm with . or Enter, or press ? or * to list all spells.
You grow a pair of large bovine horns.
The ogre misses you.
The ogre hits you with a giant spiked club!
* * * LOW HITPOINT WARNING * * *
A hound comes into view.
The hound closely misses you. The hound barely misses you.
There is a stone staircase leading down here.
The hound closely misses you.
You climb downwards.
The orc wizard points at you and mumbles some strange words.
The magic dart hits you!
* * * LOW HITPOINT WARNING * * *
There is a stone staircase leading up here.
Unknown command.
The hound closely misses you.
Casting: Beastly Appendage
Confirm with . or Enter, or press ? or * to list all spells.
Your horns disappear.
You turn into a venomous arachnid creature.
Your +0 dagger of draining melds into your body.
Your +0 cloak melds into your body.
Your +0 robe melds into your body.
The hound completely misses you. x2
The orc wizard mumbles some strange words.
The orc wizard flickers and vanishes!
The hound bites you.
* * * LOW HITPOINT WARNING * * *
The hound completely misses you. The hound bites you.
* * * LOW HITPOINT WARNING * * *
You hit the hound.
The hound is poisoned.
The hound is moderately wounded.
The hound bites you.
You die...

###########
#.hs.......
#o#########.#
##.#########.##
#.............####
#..##.............
#..##...........
#..##..<......#
..............#
##......{..<...# $


You could see a hound and an orc.

Vanquished Creatures
  An ogre (D:4)
  A scorpion (D:4)
  A worker ant (D:4)
  An orc wizard (D:3)
  An adder (D:2)
  A worm (D:3)
  A dart slug (D:1)
  5 orcs
  A ball python (D:3)
  2 bats (D:1)
  2 giant cockroaches
  3 goblins
  3 hobgoblins (D:1)
  6 jackals
  4 kobolds
  A quokka (D:3)
  2 frilled lizards
  2 rats (D:1)
38 creatures vanquished.

Vanquished Creatures (collateral kills)
  A jackal (D:3)
1 creature vanquished.

Grand Total: 39 creatures vanquished

Notes
Turn   | Place    | Note
-------+----------+-------------------------------------------
     0 | D:1      | tidbits the Gnoll Transmuter began the quest for the Orb.
     0 | D:1      | Reached XP level 1. HP: 17/17 MP: 6/6
   139 | D:1      | Reached XP level 2. HP: 18/23 MP: 7/7
   333 | D:2      | Reached skill level 5 in Spellcasting
   333 | D:2      | Reached XP level 3. HP: 28/28 MP: 7/9
   490 | D:2      | Found a hazy altar of Hepliaklqana.
   607 | D:3      | Learned a level 2 spell: Sticks to Snakes
   611 | D:3      | Learned a level 3 spell: Spider Form
   657 | D:3      | Reached skill level 1 in Invocations
   736 | D:3      | Found a shimmering altar of Xom.
   736 | D:3      | Found a sacrificial altar of Ru.
   739 | D:3      | Found a stormy altar of Qazlal.
   742 | D:3      | Found a burning altar of Makhleb.
   810 | D:3      | Reached skill level 1 in Short Blades
   810 | D:3      | Reached skill level 1 in Long Blades
   810 | D:3      | Reached skill level 1 in Axes
   810 | D:3      | Reached skill level 1 in Maces & Flails
   810 | D:3      | Reached skill level 1 in Polearms
   810 | D:3      | Reached skill level 1 in Staves
   810 | D:3      | Reached skill level 1 in Slings
   810 | D:3      | Reached skill level 1 in Bows
   810 | D:3      | Reached skill level 1 in Crossbows
   810 | D:3      | Reached skill level 1 in Throwing
   810 | D:3      | Reached skill level 1 in Armour
   810 | D:3      | Reached skill level 1 in Stealth
   810 | D:3      | Reached skill level 1 in Shields
   810 | D:3      | Reached skill level 1 in Evocations
   815 | D:3      | Reached XP level 4. HP: 17/34 MP: 7/11
   837 | D:3      | Found a shattered altar of Ashenzari.
  1035 | D:4      | Reached skill level 1 in Conjurations
  1035 | D:4      | Reached skill level 1 in Hexes
  1035 | D:4      | Reached skill level 1 in Charms
  1035 | D:4      | Reached skill level 1 in Summonings
  1035 | D:4      | Reached skill level 1 in Necromancy
  1035 | D:4      | Reached skill level 1 in Translocations
  1035 | D:4      | Reached skill level 1 in Fire Magic
  1035 | D:4      | Reached skill level 1 in Ice Magic
  1035 | D:4      | Reached skill level 1 in Air Magic
  1035 | D:4      | Reached skill level 1 in Earth Magic
  1035 | D:4      | Reached skill level 1 in Poison Magic
  1068 | D:4      | Reached XP level 5. HP: 14/40 MP: 10/12
  1086 | D:4      | Noticed an ogre
  1093 | D:5      | Entered Level 5 of the Dungeon
  1097 | D:5      | Noticed an ogre
  1104 | D:5      | Reached skill level 3 in Fighting
  1115 | D:4      | Killed an ogre
  1115 | D:4      | Reached skill level 4 in Transmutations
  1115 | D:4      | Reached skill level 2 in Invocations
  1115 | D:4      | Reached XP level 6. HP: 19/47 MP: 13/13
  1136 | D:4      | Learned a level 2 spell: Ensorcelled Hibernation
  1163 | D:5      | Slain by a hound

Skill      XL: |  1  2  3  4  5 |
---------------+----------------+-----
Spellcasting   | 5 |  5.3
Invocations    | 1 2 |  2.0
Short Blades   | 1 |  1.7
Long Blades    | 1 |  1.7
Axes           | 1 |  1.7
Maces & Flails | 1 |  1.7
Polearms       | 1 |  1.7
Staves         | 1 |  1.7
Slings         | 1 |  1.7
Bows           | 1 |  1.7
Crossbows      | 1 |  1.7
Throwing       | 1 |  1.7
Armour         | 1 |  1.7
Stealth        | 1 |  1.7
Shields        | 1 |  1.7
Evocations     | 1 |  1.7
Conjurations   | 1 |  1.3
Hexes          | 1 |  1.3
Charms         | 1 |  1.3
Summonings     | 1 |  1.3
Necromancy     | 1 |  1.3
Translocations | 1 |  1.3
Fire Magic     | 1 |  1.3
Ice Magic      | 1 |  1.3
Air Magic      | 1 |  1.3
Earth Magic    | 1 |  1.3
Poison Magic   | 1 |  1.3
Fighting       | 3 |  3.1
Transmutations | 4 |  4.0
Dodging        | |  4.9
Unarmed Combat | |  6.7

Action                   |  1- 3 |  4- 6 || total
-------------------------+-------+-------++-------
Melee: Unarmed           |    73 |    18 ||    91
       Headbutt          |     4 |       ||     4
       Kick              |     3 |       ||     3
       Punch             |     1 |       ||     1
Throw: Javelin           |     2 |       ||     2
       Stone             |     2 |       ||     2
 Cast: Beastly Appendage |    11 |     1 ||    12
       Spider Form       |     5 |     5 ||    10
       Sticks to Snakes  |     3 |       ||     3
  Use: Scroll            |     3 |       ||     3
       Potion            |       |     1 ||     1
 Stab: Sleeping          |     1 |     1 ||     2
       Distracted        |     1 |       ||     1
  Eat: Chunk             |       |     1 ||     1
Armor: Robe              |    10 |       ||    10
       Skin              |     1 |       ||     1
Dodge: Dodged            |    36 |    17 ||    53

Table legend:
 A = Turns spent in this place as a percentage of turns spent in the entire game.
 B = Non-inter-level travel turns spent in this place as a percentage of non-inter-level travel turns spent in the entire game.
 C = Inter-level travel turns spent in this place as a percentage of turns spent in this place.
 D = Turns resting spent in this place as a percentage of non-inter-level travel turns spent in this place.
 E = Turns spent auto-exploring this place as a percentage of non-inter-level travel turns spent in this place.
 F = Non-inter-level travel turns spent in this place divided by the number of levels of this place that you've seen.
                   A       B       C       D       E      F
               +-------+-------+-------+-------+-------+----------------------
         Total | 100.0 | 100.0 |   0.0 |   0.0 |   0.0 | 232.6
       Dungeon | 100.0 | 100.0 |   0.0 |   0.0 |   0.0 | 232.6
               +-------+-------+-------+-------+-------+----------------------

Table legend:
 A = Kills in this place as a percentage of kills in entire the game.
 B = Kills by you in this place as a percentage of kills by you in the entire game.
 C = Kills by friends in this place as a percentage of kills by friends in the entire game.
 D = Other kills in this place as a percentage of other kills in the entire game.
 E = Experience gained in this place as a percentage of experience gained in the entire game.
 F = Experience gained in this place divided by the number of levels of this place that you have seen.
                   A       B       C       D       E      F
               +-------+-------+-------+-------+-------+----------------------
         Total | 100.0 | 100.0 | 100.0 |   N/A | 100.0 |  70.2
       Dungeon | 100.0 | 100.0 | 100.0 |   N/A | 100.0 |  70.2
               +-------+-------+-------+-------+-------+----------------------

Vault maps used:
D:1:      dpeg_arrival_pond, hangedman_decor_riveting
D:2:      lemuel_round_altar, uniq_natasha
D:3:      cheibrodos_ashenzari_chains, grunt_temple_overflow_cloverleaf,
          lemuel_coloured_pillars_altar, minmay_ruptured
D:4:      first_ration, uniq_eustachio
